 Dungeon Crawl Stone Soup version 0.14-a0-1969-g2c76abe (webtiles) character file.

51183 M4edhros the Green Death (level 14, -12/102 HPs)
             Began as an Octopode Artificer on Jan 16, 2014.
             Was an Elder of Fedhas.
             Mangled by a tarantella (17 damage)
             ... summoned by a deep elf summoner
             ... on Level 1 of the Elven Halls on Jan 17, 2014.
             The game lasted 02:47:28 (31406 turns).

M4edhros the Green Death (Octopode Artificer)      Turns: 31406, Time: 02:47:28

HP -12/102       AC  3     Str 17      XL: 14   Next: 50%
MP  27/32        EV 15     Int 23      God: Fedhas [****..]
Gold 1875        SH  0     Dex 12      Spells: 10 memorised,  5 levels left

rFire  + + .     SeeInvis .     V - +3,+1 eveningstar (freeze)
rCold  x x .     Clarity  .     Q - +3 buckler of Amelioration {Str+5 Int+3}
rNeg   . . .     Conserve +     J - +2 hat
rPois  +         rCorr    .     g - amulet of conservation
rElec  +         rRot     .     e - ring of poison resistance
SustAb . .       Spirit   .     v - ring of flight
rMut   .         Warding  .     G - ring of wizardry
Saprov . . .     Stasis   .     x - ring "Ble Phet" {rElec rF+ rC-}
MR     +....                    P - ring of fire
                                R - ring of sustenance
                                T - ring of invisibility
                                (no ring)

@: repel missiles (expiring), confused, studying Fighting, drained, somewhat
resistant to hostile enchantments, unstealthy
A: almost no armour, amphibious, 8 rings, constrict 8, camouflage 1, strong 1,
gelatinous body 1
a: Evolution, Sunlight, Growth, Reproduction, Renounce Religion, Evoke
Invisibility, Evoke Flight


You were on level 1 of the Elven Halls.
You worshipped Fedhas.
Fedhas was greatly pleased with you.
You were hungry.

You visited 4 branches of the dungeon, and saw 24 of its levels.
You also visited: Labyrinth and Bailey.

You collected 2392 gold pieces.
You spent 517 gold pieces at shops.

Inventory:

Hand weapons
 b - a +2,+2 orcish trident of freezing
 C - a +3,+3 sling
 V - a +3,+1 eveningstar of freezing (weapon)
 X - the +2,+4 mace of Pain and Death {holy, rF++ rC++}
   (You bought it in a shop on level 4 of the Orcish Mines)

   It has been blessed by the Shining One to cause great damage to the undead
   and demons.
   It greatly protects you from fire.
   It greatly protects you from cold.
Missiles
 a - 16 sling bullets of flame
 j - 5 steel sling bullets
 A - 95 sling bullets
 B - 93 stones (quivered)
Armour
 J - a +2 hat (worn)
 Q - the +3 buckler of Amelioration (worn) {Str+5 Int+3}
   (You found it on level 8 of the Lair of Beasts)

   It affects your strength (+5).
   It affects your intelligence (+3).
Magical devices
 c - a wand of draining (0)
 o - a wand of flame (13)
 p - a wand of slowing (7)
 q - a wand of cold (0)
 I - a wand of slowing (15)
 L - a wand of paralysis (8)
 U - a wand of cold (3)
Comestibles
 d - 2 meat rations
 i - 14 sultanas
 l - 2 royal jellies
 z - 27 grapes
 K - 5 strawberries
 S - a bread ration
 Y - 2 honeycombs
Scrolls
 r - 3 scrolls of teleportation
 s - 4 scrolls of recharging
 t - 2 scrolls of enchant armour
 y - 4 scrolls of remove curse
 D - 3 scrolls of identify
 H - 8 scrolls of blinking
Jewellery
 e - a ring of poison resistance (left tentacle)
 f - an uncursed ring of teleportation
 g - an amulet of conservation (around mantle)
 u - an uncursed amulet of resist mutation
 v - a ring of flight (right tentacle)
 x - the ring "Ble Phet" (on tentacle) {rElec rF+ rC-}
   (You found it on level 3 of the Lair of Beasts)

   [ring of protection from fire]

   It makes you vulnerable to cold.
   It insulates you from electricity.
 E - an uncursed amulet of clarity
 G - a ring of wizardry (on tentacle)
 P - a ring of fire (on tentacle)
 R - a ring of sustenance (on tentacle)
 T - a ring of invisibility (on tentacle)
Potions
 h - a potion of flight
 k - 3 potions of might
 m - 2 potions of brilliance
Books
 w - a book of Alchemy

   Spells                             Type                      Level
   Lethal Infusion                    Charms/Necromancy            2
   Sublimation of Blood               Necromancy                   2
   Condensation Shield                Ice                          4
   *Alistair's Intoxication           Transmutation/Poison         4
   Petrify                            Transmutation/Earth          4
   Ignite Poison                      Fire/Transmutation           5
 M - a manual of Fighting
Miscellaneous
 F - a box of beasts
 N - a stone of tremors (inert)
 O - a lantern of shadows
 W - a legendary deck of war {Velocity}
 Z - a stone of tremors


   Skills:
 + Level 11.6(10.8) Fighting
   Level 1.0(0.4) Short Blades
 + Level 3.3(2.7) Maces & Flails
 + Level 8.9(8.2) Dodging
 - Level 1.3(0.7) Stealth
 + Level 1.7(1.1) Shields
 - Level 10.5(9.8) Spellcasting
 - Level 5.4(4.7) Charms
 - Level 4.1(3.5) Necromancy
 - Level 7.1(6.4) Translocations
 - Level 3.6(3.0) Poison Magic
 + Level 12.7(11.9) Invocations
 + Level 11.5(10.7) Evocations


You had 5 spell levels left.
You knew the following spells:

 Your Spells              Type           Power        Failure   Level  Hunger
a - Regeneration          Chrm/Necr      ####......   1%          3    None
b - Repel Missiles        Chrm/Air       ###.......   1%          2    None
c - Poison Weapon         Chrm/Pois      ####......   1%          3    None
d - Phase Shift           Tloc           #####.....   5%          5    ####...
e - Fire Brand            Chrm/Fire      ####......   1%          2    None
f - Shroud of Golubria    Chrm/Tloc      #####.....   1%          2    None
g - Spider Form           Trmt/Pois      ###.......   3%          3    None
h - Song of Slaying       Chrm           ####....     1%          2    None
i - Spectral Weapon       Hex/Chrm       ###.....     3%          3    None
j - Alistair's Intoxicat  Trmt/Pois      ###.....     12%         4    ##.....


Dungeon Overview and Level Annotations

Branches:
Dungeon (11/16)            Temple (0/1) D:7             Orc (4/4) D:11
    Elf (1/3) Orc:3          Lair (8/8) D:11         Shoals (0/5) Lair:4
  Snake (0/5) Lair:6        Slime (0/6) Lair:8

Altars:
Dithmengos
Fedhas
Okawaru
Sif Muna
Trog
Vehumet
the Shining One
Beogh
Jiyva

Shops:
D:10 %   Orc:4 [*=(

Annotations:
D:7 Pikel
Lair:2 4 exclusions


Innate Abilities, Weirdness & Mutations

You cannot wear most types of armour.
You are amphibious.
You can wear up to eight rings at the same time.*
You can use your tentacles to constrict many enemies at once.*
Your skin changes colour to match your surroundings (Stlth).*
Your rubbery body absorbs attacks (AC +1).*
Your muscles are strong. (Str +2)


Message History

A deep elf mage comes into view.
It is wielding a glowing elven long sword.
The deep elf mage points at you and mumbles some strange words.
You easily resist.
You're too confused!
Ouch! The tarantella bites you!
* * * LOW HITPOINT WARNING * * *
You are more confused.
The tarantella barely misses you.
Ouch! The tarantella bites you!
* * * LOW HITPOINT WARNING * * *
The deep elf mage mumbles some strange words.
The deep elf mage blinks!
The tarantella closely misses you.
Your repel missiles spell is about to expire...
Drink which item? (? for menu, Esc to quit)
Okay, then.
Evoke which item? (* to show all) (? for menu, Esc to quit)
Okay, then.
Ouch! The tarantella bites you!
You die...
Fedhas appreciates your contribution to the ecosystem.

#......# #......#
#.#.#### #.#.# #.#.#
#########.#.#######
.....<)f............
#########f#.#########.#.#
#........se.s@..$.....
.####.#.#########.#.#
#.#.# #.... ...### .#.
.... .#.


You could see a deep elf summoner, 2 tarantellas and a friendly wandering
mushroom.

Vanquished Creatures
  An orc warlord (Orc:4)
  4 dire elephants (Lair:8)
  Harold (Lair:2)
  Nessos (Orc:4)
  An unseen horror (D:9)
  Fannar (D:10)
  An anaconda (Lair:8)
  A hydra (Lair:8)
  5 death yaks (Lair:8)
  Nergalle (Lair:4)
  A deep elf knight (Elf:1)
  3 orc knights
  Joseph (Orc:2)
  4 orc sorcerers
  A griffon (Lair:7)
  4 elephants
  A feature mimic (D:11)
  A brown ooze (D:6)
  5 spiny frogs
  2 fire drakes (Lair:7)
  A komodo dragon (Lair:8)
  A troll (Orc:2)
  2 blink frogs (Lair:4)
  A basilisk (Lair:3)
  A raven (Lair:4)
  A tarantella (Elf:1)
  2 sharks
  A steam dragon (D:11)
  8 yaks
  A deep elf fighter (Elf:1)
  Grum (Orc:2)
  A hungry ghost (Lab)
  4 wolves
  3 elephant slugs
  6 hippogriffs
  Edmund (D:8)
  A dwarf (Lair:1)
  6 porcupines
  2 manticores
  14 orc warriors
  8 killer bees
  2 sky beasts
  A black bear (D:6)
  4 centaurs
  5 electric eels
  2 giant goldfish (Lair:7)
  2 ogres
  A warg (Orc:4)
  7 crocodiles
  A big kobold (D:11)
  A rotting devil (Orc:4)
  4 giant slugs
  12 giant frogs
  4 agate snails
  7 water moccasins
  A hippogriff skeleton (D:5)
  3 jellyfish
  9 crimson imps
  2 eyes of draining
  Eustachio (D:6)
  A quasit (D:9)
  A goliath beetle (D:9)
  7 big fish
  A centaur skeleton (D:11)
  A giant frog skeleton (D:8)
  A jelly (D:4)
  An orange rat (Elf:1)
  8 orc wizards
  4 scorpions
  9 hounds
  5 iguanas
  7 worker ants
  3 ogre skeletons
  A sheep (D:11)
  Ijyb (D:6)
  A hound skeleton (D:8)
  24 adders
  A giant mite (Lair:4)
  19 orc priests
  24 green rats
  2 giant centipedes
  An inept feature mimic (D:2)
  5 worms
  2 adder skeletons (D:6)
  A giant eyeball (D:11)
  5 giant geckos
  93 orcs
  A bat skeleton (D:5)
  28 goblins
  10 hobgoblins
  23 jackals
  A ball python (D:4)
  10 bats
  3 giant cockroaches
  10 giant newts
  2 giant spores (Lair:4)
  2 hobgoblin skeletons
  24 kobolds
  5 orc skeletons
  14 quokkas
  A quokka skeleton (D:5)
  17 rats
  A rat skeleton (D:5)
  2 fungi (Lair:8)
558 creatures vanquished.

Vanquished Creatures (collateral kills)
  2 dire elephants (Lair:8)
  A minotaur (Lab)
  3 wandering mushrooms
  4 hydras
  Erica (Orc:2)
  The ghost of Kae the Unseen, a powerful SpEn of Dithmengos (D:11)
  2 orc high priests
  2 black mambas
  Erolcha (D:10)
  A hill giant (D:11)
  3 orc knights
  An orc sorcerer (Orc:4)
  A cyclops (D:11)
  3 griffons
  2 queen bees
  10 elephants
  An item mimic (Orc:1)
  2 spiny frogs
  8 komodo dragons
  2 trolls
  A blink frog (Lair:4)
  A basilisk (Lair:7)
  2 trapdoor spiders
  6 yaks
  5 crocodiles
  A wyvern (Lair:8)
  3 sharks
  7 hippogriffs
  A hill giant skeleton (D:10)
  3 manticores
  3 orc skeletons (Orc:4)
  4 wolves
  4 porcupines
  A hell hound (Lair:7)
  A phantom (D:9)
  3 giant goldfish
  3 black bears
  22 orc warriors
  9 ogres
  A dwarf (Lair:1)
  2 sky beasts
  4 centaurs (D:11)
  3 giant frogs
  3 giant slugs
  6 wargs
  3 agate snails
  9 water moccasins
  36 killer bees
  A jellyfish (Lair:1)
  A troll skeleton (D:10)
  2 hounds
  A jelly (D:8)
  14 orc priests
  2 goliath beetles
  Blork the orc (D:7)
  15 orc wizards
  6 worker ants
  An iguana (Lair:1)
  A mummy (D:8)
  2 ogre skeletons
  A hound skeleton (D:11)
  3 adders
  20 green rats
  66 orcs
  3 goblins
  2 hobgoblins
  2 jackals
  2 giant spores (Lair:4)
  A kobold (D:7)
  2 quokkas
  A rat (D:4)
  6 spectral orcs (Lair:4)
  5 toadstools
359 creatures vanquished.

Vanquished Creatures (others)
  3 oklob plants
  48 wandering mushrooms
  3 slaves (D:7)
  A water moccasin (Lair:8)
  A worker ant zombie (D:6)
  An adder (D:6)
  5 spectral weapons
  A jackal (D:10)
  3 giant spores
  A kobold (D:10)
  A ballistomycete (Lair:8)
  10 fungi
  9 plants
  462 toadstools
549 creatures vanquished.

Grand Total: 1466 creatures vanquished

Notes
Turn   | Place    | Note
--------------------------------------------------------------
     0 | D:1      | M4edhros, the Octopode Artificer, began the quest for the Orb.
     0 | D:1      | Reached XP level 1. HP: 13/13 MP: 1/1
   279 | D:1      | Reached skill level 4 in Evocations
   279 | D:1      | Reached XP level 2. HP: 4/18 MP: 3/3
   794 | D:2      | Reached XP level 3. HP: 20/23 MP: 5/5
  1278 | D:2      | Reached skill level 5 in Evocations
  1783 | D:4      | Reached XP level 4. HP: 14/28 MP: 7/7
  2147 | D:4      | Reached skill level 6 in Evocations
  2365 | D:4      | Reached XP level 5. HP: 33/33 MP: 10/10
  2657 | D:5      | Entered Level 5 of the Dungeon
  2668 | D:5      | Reached skill level 7 in Evocations
  3002 | D:5      | Reached XP level 6. HP: 38/38 MP: 13/13
  3347 | D:5      | Reached skill level 8 in Evocations
  3544 | D:5      | HP: 1/38 [hound (5)]
  3567 | D:5      | Noticed a sky beast
  3733 | D:5      | Killed a sky beast
  3733 | D:5      | Reached skill level 9 in Evocations
  3733 | D:5      | Reached XP level 7. HP: 18/43 MP: 15/17
  3767 | D:5      | Found a blossoming altar of Fedhas.
  3780 | D:5      | Became a worshipper of Fedhas Madash
  4957 | D:3      | Acquired Fedhas' first power
  5266 | D:3      | Reached skill level 10 in Evocations
  5851 | D:6      | Paralysed by a potion of paralysis for 6 turns
  6103 | D:6      | Noticed Ijyb
  6108 | D:6      | Killed Ijyb
  6128 | D:6      | Noticed Eustachio
  6238 | D:6      | Killed Eustachio
  6238 | D:6      | Reached XP level 8. HP: 23/48 MP: 20/20
  6472 | D:6      | Reached skill level 5 in Invocations
  6690 | D:6      | Noticed a brown ooze
  6690 | D:6      | an orc warrior changed into a brown ooze
  6709 | D:6      | Killed a brown ooze
  7001 | D:7      | Acquired Fedhas' second power
  7095 | D:7      | Found a staircase to the Ecumenical Temple.
  7233 | D:7      | Noticed Blork the orc
  7244 | D:7      | Killed Blork the orc
  7396 | D:7      | Reached XP level 9. HP: 53/53 MP: 21/21
  7807 | D:7      | Noticed Pikel
  8564 | D:8      | Noticed Edmund
  8607 | D:8      | Killed Edmund
  8748 | D:8      | Learned a level 3 spell: Regeneration
  8755 | D:8      | Learned a level 2 spell: Repel Missiles
  8759 | D:8      | Learned a level 3 spell: Poison Weapon
 10116 | D:9      | Reached skill level 1 in Charms
 10236 | D:9      | Reached skill level 1 in Spellcasting
 10460 | D:9      | Found a bloodstained altar of Trog.
 10461 | D:9      | Found a shadowy altar of Dithmengos.
 10529 | D:9      | Noticed an unseen horror
 10554 | D:9      | Killed an unseen horror
 10554 | D:9      | Reached skill level 10 in Invocations
 10701 | D:9      | Found a glowing golden altar of the Shining One.
 10882 | D:10     | Entered Level 10 of the Dungeon
 10882 | D:10     | Noticed Erolcha
 10904 | D:10     | Killed Erolcha
 10904 | D:10     | Reached XP level 10. HP: 20/58 MP: 14/23
 11192 | D:10     | Noticed Fannar
 11207 | D:10     | Killed Fannar
 11207 | D:10     | Reached skill level 5 in Charms
 11634 | D:10     | Found Wodexagorgh's Food Boutique.
 11638 | D:10     | Bought 16 grapes for 22 gold pieces
 11738 | D:10     | Learned a level 5 spell: Phase Shift
 11978 | D:11     | Reached skill level 5 in Spellcasting
 11988 | D:11     | Acquired Fedhas' third power
 12156 | D:11     | Found a flagged portal.
 12195 | Bailey   | Entered a bailey
 12314 | Bailey   | Reached skill level 1 in Translocations
 12848 | Bailey   | Noticed an orc knight
 12876 | Bailey   | Killed an orc knight
 13104 | D:11     | Found a radiant altar of Vehumet.
 13245 | D:11     | Noticed Kae's ghost (powerful SpEn)
 13272 | D:11     | Killed Kae's ghost
 13272 | D:11     | Reached XP level 11. HP: 40/67 MP: 1/25
 13554 | D:11     | Found a staircase to the Lair.
 13554 | D:11     | Noticed an elephant
 13730 | D:11     | Killed an elephant
 13961 | D:11     | Noticed a cyclops
 13983 | D:11     | Killed a cyclops
 14040 | D:11     | Noticed a hill giant
 14064 | D:11     | Killed a hill giant
 14064 | D:11     | Reached skill level 5 in Fighting
 14397 | D:11     | Paralysed by a giant eyeball for 4 turns
 14556 | D:11     | Found a staircase to the Orcish Mines.
 14652 | Orc:1    | Entered Level 1 of the Orcish Mines
 14668 | Orc:1    | Acquired Fedhas' fourth power
 14744 | Orc:2    | Noticed Erica
 14744 | Orc:2    | Noticed an orc high priest
 14883 | Orc:2    | Killed an orc high priest
 14889 | Orc:2    | Killed Erica
 14889 | Orc:2    | Reached skill level 1 in Necromancy
 14891 | Orc:2    | Reached skill level 5 in Dodging
 15000 | Orc:2    | Found a deep blue altar of Sif Muna.
 15601 | Orc:3    | Learned a level 2 spell: Fire Brand
 15746 | Orc:3    | Noticed an orc knight
 15766 | Orc:3    | Killed an orc knight
 16228 | Orc:2    | Noticed Joseph
 16332 | Orc:2    | Killed Joseph
 16365 | Orc:2    | Noticed Grum
 16386 | Orc:2    | Killed Grum
 16680 | Orc:1    | Acquired Fedhas' fifth power
 16772 | Orc:1    | Reached XP level 12. HP: 33/80 MP: 28/28
 16882 | Orc:2    | Noticed an orc knight
 17023 | Orc:2    | Killed an orc knight
 17430 | Orc:3    | Found a staircase to the Elven Halls.
 17619 | Orc:3    | Learned a level 2 spell: Shroud of Golubria
 17625 | Orc:4    | Entered Level 4 of the Orcish Mines
 17652 | Orc:4    | Reached skill level 5 in Translocations
 17654 | Orc:4    | Noticed Nessos
 17680 | Orc:4    | Killed Nessos
 17680 | Orc:4    | Reached skill level 11 in Invocations
 17942 | Orc:4    | Noticed an orc high priest
 17973 | Orc:4    | Killed an orc high priest
 18096 | Orc:4    | Noticed an orc warlord
 18112 | Orc:4    | Killed an orc warlord
 18527 | Orc:4    | Found a roughly hewn altar of Beogh.
 18798 | Orc:4    | Found Erikymoo's Antique Armour Shop.
 18830 | Orc:4    | Found Nuxky Lai's Jewellery Shop.
 18997 | Orc:4    | Found Shyehye's Antique Weapon Shop.
 19018 | Orc:4    | Found Boiwoezu's General Store.
 19537 | Lair:1   | Entered Level 1 of the Lair of Beasts
 20216 | Lair:1   | HP: 4/84 [poisoned by a black mamba]
 20609 | Lair:1   | Found an iron altar of Okawaru.
 21030 | Lair:2   | Gained mutation: Your muscles are strong. (Str +2) [potion of beneficial mutation]
 21298 | Orc:4    | Bought an encrusted dagger for 231 gold pieces
 21300 | Orc:4    | Identified the +6,+4 dagger "Humohes" {stab, Int+1 SInv} (You bought it in a shop on level 4 of the Orcish Mines)
 21301 | Orc:4    | Bought a transparent mace for 264 gold pieces
 21302 | Orc:4    | Identified the +2,+4 mace of Pain and Death {holy, rF++ rC++} (You bought it in a shop on level 4 of the Orcish Mines)
 21453 | Lair:2   | Learned a level 3 spell: Spider Form
 21596 | Lair:2   | Noticed Harold
 21630 | Lair:2   | Killed Harold
 21630 | Lair:2   | Reached XP level 13. HP: 55/90 MP: 28/31
 22376 | Lair:3   | Reached skill level 10 in Spellcasting
 22584 | Lair:3   | Got a faintly glowing platinum ring
 22585 | Lair:3   | Identified the ring "Ble Phet" {rElec rF+ rC-} (You found it on level 3 of the Lair of Beasts)
 23107 | Lair:4   | Found a staircase to the Shoals.
 23303 | Lair:4   | Noticed Nergalle
 23317 | Lair:4   | Found a labyrinth entrance.
 23326 | Lab      | Entered a labyrinth
 23965 | Lab      | Noticed a minotaur
 24142 | Lab      | Killed a minotaur
 24565 | Lair:4   | Reached skill level 10 in Fighting
 24750 | Lair:4   | Killed Nergalle
 25642 | Lair:5   | Reached skill level 12 in Invocations
 26244 | Lair:6   | Found a staircase to the Snake Pit.
 26786 | Lair:6   | Learned a level 2 spell: Song of Slaying
 26790 | Lair:6   | Learned a level 3 spell: Spectral Weapon
 27562 | Lair:7   | Learned a level 4 spell: Alistair's Intoxication
 27694 | Lair:7   | HP: 3/93 [something (2)]
 27702 | Lair:7   | Reached skill level 1 in Maces & Flails
 27759 | Lair:7   | Reached skill level 1 in Poison Magic
 28173 | Lair:7   | Reached XP level 14. HP: 63/99 MP: 21/32
 28446 | Lair:8   | Entered Level 8 of the Lair of Beasts
 28538 | Lair:8   | HP: 3/101 [giant slug (18)]
 28913 | Lair:8   | Found a viscous altar of Jiyva.
 28914 | Lair:8   | Found a staircase to the Slime Pits.
 29824 | Lair:8   | Got an encrusted buckler
 29826 | Lair:8   | Identified the +3 buckler of Amelioration {Str+5 Int+3} (You found it on level 8 of the Lair of Beasts)
 30246 | Lair:8   | Reached skill level 1 in Shields
 31142 | Elf:1    | Entered Level 1 of the Elven Halls
 31403 | Elf:1    | HP: 4/102 [tarantella[a deep elf summoner] (11)]
 31406 | Elf:1    | Mangled by a tarantella

Action                   |  1- 3 |  4- 6 |  7- 9 | 10-12 | 13-15 || total
-------------------------+-------+-------+-------+-------+-------++-------
Melee: Short sword       |    18 |       |       |       |       ||    18
       Whip              |    43 |   101 |   326 |    46 |       ||   516
       Spear             |       |       |       |   350 |       ||   350
       Dagger            |       |       |       |    24 |    18 ||    42
       Eveningstar       |       |       |       |       |   378 ||   378
       Long sword        |       |       |       |       |   106 ||   106
       Unarmed           |       |       |       |       |     1 ||     1
 Fire: Sling             |       |       |    15 |   830 |    89 ||   934
Throw: Stone             |       |       |       |     8 |       ||     8
 Cast: Regeneration      |       |       |     3 |   130 |    98 ||   231
       Poison Weapon     |       |       |       |    71 |     9 ||    80
       Repel Missiles    |       |       |       |    42 |     8 ||    50
       Fire Brand        |       |       |       |    14 |       ||    14
       Phase Shift       |       |       |       |    18 |    28 ||    46
       Shroud of Golubri |       |       |       |     9 |     5 ||    14
       Spectral Weapon   |       |       |       |       |    26 ||    26
       Song of Slaying   |       |       |       |       |    10 ||    10
       Spider Form       |       |       |       |       |     3 ||     3
Invok: Evolution         |       |       |     9 |    25 |    29 ||    63
       Sunlight          |       |       |    17 |    26 |     4 ||    47
       Rain              |       |       |       |     2 |     2 ||     4
       Growth            |       |       |       |     1 |     1 ||     2
       Reproduction      |       |       |       |       |     3 ||     3
Evoke: Wand              |    11 |    10 |    39 |    32 |    28 ||   120
       stone of tremors  |       |       |       |       |     2 ||     2
  Use: Potion            |       |     2 |    13 |     9 |     8 ||    32
       Scroll            |       |       |    23 |     4 |    15 ||    42
 Stab: Sleeping          |     5 |     3 |    12 |     8 |     8 ||    36
       Paralysed         |       |       |     4 |       |    10 ||    14
       Confused          |       |       |       |     7 |     5 ||    12
       Distracted        |       |       |       |     4 |     1 ||     5
